 Dungeon Crawl Stone Soup version 0.30.0-29-ga12c61a403 (webtiles) character file.

Game seed: 14579086495968683117

32 cheesebisquit the Shooter (level 3, 0/20 HPs)
             Began as a Kobold Hexslinger on June 4, 2023.
             Slain by a quokka (4 damage)
             ... on level 2 of the Dungeon.
             The game lasted 00:02:22 (1483 turns).

cheesebisquit the Shooter (Kobold Hexslinger)       Turns: 1483, Time: 00:02:23

Health: 0/20       AC:  4    Str:  7    XL:     3   Next: 42%
Magic:  4/4        EV: 14    Int: 14    God:
Gold:   72         SH:  0    Dex: 17    Spells: 3/4 levels left

rFire   . . .        a - +1 sling
rCold   . . .        (no shield)
rNeg    . . .        i - +0 leather armour
rPois   .            (no helmet)
rElec   .            (no cloak)
rCorr   .            (no gloves)
SInv    .            c - +0 pair of boots
Will    +....        (no amulet)
Stlth   +++          e - ring of willpower
HPRegen 0.23/turn    (no ring)
MPRegen 0.09/turn

%: no passive effects
@: no status effects
A: small, no large weapons, nightstalker 3
a: no special abilities


You were on level 2 of the Dungeon.
You visited 1 branch of the dungeon, and saw 2 of its levels.

You collected 72 gold pieces.

Inventory:

Hand Weapons
 a - a +1 sling (weapon)
Armour
 c - a +0 pair of boots (worn)
 i - a +0 leather armour (worn)
Jewellery
 e - a ring of willpower (left hand)
Scrolls
 b - 2 scrolls of poison
 f - a scroll of identify {unknown}
 g - a scroll of silence {unknown}
 h - a scroll of amnesia {unknown}
 m - a scroll of teleportation {unknown}
Potions
 d - a potion of curing {unknown}
 j - a potion of heal wounds {unknown}
 k - a potion of might {unknown}
 l - a potion of resistance {unknown}


   Skills:
 - Level 1.1 Fighting
 + Level 3.9 Ranged Weapons
 - Level 2.4 Dodging
 + Level 2.8 Stealth
 - Level 1.1 Spellcasting
 - Level 3.0 Hexes


You had 3 spell levels left.
You knew the following spells:

 Your Spells              Type           Power      Damage    Failure   Level
a - Slow                  Hex            36%        N/A       12%         1

Your spell library contained the following spells:

 Spells                   Type           Power      Damage    Failure   Level
 Inner Flame              Hex/Fire       4%         N/A       54%         3
 Portal Projectile        Hex/Tloc       8%         N/A       54%         3
 Cause Fear               Hex            4%         N/A       75%         4


Dungeon Overview and Level Annotations

Branches:
Dungeon (2/15)

Altars:


Innate Abilities, Weirdness & Mutations

You are small and have problems with some larger weapons.
You are completely attuned to the shadows.


Message History

You are too injured to fight recklessly!
You are too injured to fight recklessly!
The quokka bites you but does no damage.
The bat hits you but does no damage. The quokka attacks as you move away!
The quokka bites you. The bat completely misses you.
The bat closely misses you.
The giant cockroach waves its antennae.
The bat hits you but does no damage.
You are too injured to fight recklessly!
You are too injured to fight recklessly!
You are too injured to fight recklessly!
You are too injured to fight recklessly!
You are too injured to fight recklessly!
You shoot a sling bullet. The sling bullet barely misses the bat.
The sling bullet closely misses the giant cockroach.
The bat hits you but does no damage. The bat hits you.
The bat barely misses you.
You shoot a sling bullet. The sling bullet barely misses the bat.
The sling bullet hits the giant cockroach.
You kill the giant cockroach!
The bat misses you. The bat completely misses you.
You shoot a sling bullet. The sling bullet barely misses the bat.
The bat hits you but does no damage.
You shoot a sling bullet. The sling bullet misses the quokka.
The quokka bites you but does no damage.
The quokka bites you.
* * * LOW HITPOINT WARNING * * *
You shoot a sling bullet.
The sling bullet closely misses the quokka.
The sling bullet hits the bat!
You kill the bat!
The quokka closely misses you.
You shoot a sling bullet.
The sling bullet barely misses the quokka.
The quokka barely misses you. The quokka bites you.
* * * LOW HITPOINT WARNING * * *
You shoot a sling bullet.
The sling bullet hits the quokka but does no damage.
The quokka bites you.
You die...

#.# #.# #.#
#.#.#...
#.#@#..##
###.#r#....
#.#....†#...#
#.#......|...
#.#.#.#.#....
#.#.#.#.#....
#...#.#.#....
###.#.#.#....
#.# #.#


You could see a quokka.

Vanquished Creatures
  4 bats
  5 endoplasms
  2 giant cockroaches
  4 hobgoblins
  2 quokkas (D:1)
  2 ball pythons (D:1)
  A frilled lizard (D:2)
  2 goblins
  3 kobolds
  4 rats
29 creatures vanquished.

Notes
Turn   | Place    | Note
-------+----------+-------------------------------------------
     0 | D:1      | cheesebisquit the Kobold Hexslinger began the quest for the
                  | Orb.
     0 | D:1      | Reached XP level 1. HP: 12/12 MP: 2/2
   308 | D:1      | Reached skill level 1 in Stealth
   374 | D:1      | Reached XP level 2. HP: 16/16 MP: 3/3
   719 | D:1      | Reached XP level 3. HP: 7/20 MP: 4/4
  1483 | D:2      | Slain by a quokka

Illustrated notes

Levels and vault maps discovered:
D:1:      scummos_arrival_forest, layout_loops_corners, minmay_misc_feat_tower
D:2:      layout_basic, basic_ecumenical_altar

Skill      XL: |  1  2 |
---------------+-------+-----
Stealth        | 1 2 |  2.8
Ranged Weapons | 3 |  3.9
Fighting       | |  1.1
Dodging        | |  2.4
Spellcasting   | |  1.1
Hexes          | |  3.0

Action                     || total
---------------------------++-------
   Fire: Sling             ||    97
 Armour: Robe              ||     1
         Leather armour    ||    18
  Dodge: Dodged            ||    48
